 Dungeon Crawl Stone Soup version 0.28.0-43-g3370ac3207 (webtiles) character file.

Game seed: 4364239422570382463

3829 mortz the Conjurer (level 10, -3/69 HPs)
             Began as a Human Conjurer on Mar 31, 2022.
             Was a Believer of Vehumet.
             Slain by a wyvern (6 damage)
             ... on level 8 of the Dungeon on Apr 1, 2022.
             The game lasted 00:57:01 (10566 turns).

mortz the Conjurer (Human Conjurer)                Turns: 10566, Time: 00:57:02

Health: -3/69      AC: 21    Str: 11    XL:     10   Next: 40%
Magic:  17/17      EV:  7    Int: 22    God:    Vehumet [**....]
Gold:   403        SH:  0    Dex: 12    Spells: 11/19 levels left

rFire   + . .      SeeInvis .   r - +12 rapier of Sunlight {drain, Str+3, short}
rCold   . . .      Faith    .   (no shield)
rNeg    . . .      Spirit   .   s - +4 plate armour {rPois}
rPois   +          Reflect  .   (no helmet)
rElec   .          Harm     .   R - +1 cloak
rCorr   .          Rampage  .   x - +0 pair of gloves
Will    .....                   g - +1 pair of boots
Stlth   ..........              (no amulet)
HPRegen 0.21/turn               v - ring of protection from fire
MPRegen 0.15/turn               l - +4 ring of evasion

@: marked
A: no striking features
a: Renounce Religion


You were on level 8 of the Dungeon.
You worshipped Vehumet.
Vehumet was pleased with you.
You visited 2 branches of the dungeon, and saw 9 of its levels.

You collected 403 gold pieces.


   Skills:
 + Level 2.8 Fighting
 * Level 3.8(3.9) Short Blades
 + Level 1.2(2.7) Long Blades
 + Level 1.2(3.3) Axes
 * Level 4.9(5.0) Maces & Flails
 + Level 0.1 Throwing
 + Level 5.0 Armour
 + Level 3.7 Dodging
 + Level 3.7 Stealth
 + Level 5.2 Spellcasting
 + Level 6.8 Conjurations
 * Level 5.4 Translocations
 * Level 2.6 Evocations


You had 11 spell levels left.
You knew the following spells:

 Your Spells              Type           Power      Damage    Failure   Level
a - Magic Dart            Conj           100%       1d8       77%         1
b - Searing Ray           Conj           70%        2d7       88%         2
c - Iskenderun's Mystic   Conj/Tloc      32%        2d8       100%        4
d - Foxfire               Conj/Fire      80%        2x1d8     99%         1

Your spell library contained the following spells:

 Spells                   Type           Power      Damage    Failure   Level
 Poisonous Vapours        Pois/Air       10%        N/A       100%        2
 Dazzling Flash           Conj/Hex       40%        N/A       100%        3
 Fulminant Prism          Conj/Hex       10%        3d9       100%        4
 Blade Hands              Tmut           2%         N/A       100%        5
 Irradiate                Conj/Tmut      10%        3d16      100%        5
 Dragon Form              Tmut           2%         N/A       100%        7

Inventory:

Hand Weapons
 e - the +10 eveningstar of Causality {vorpal, rF+ rCorr Dex+2 SInv, macerare=g}
   (You found it on level 4 of the Dungeon)

   It inflicts extra damage upon your enemies.
   Dex:       It affects your dexterity (+2).
   rF:        It protects you from fire.
   SInv:      It lets you see invisible.
   rCorr:     It protects you from acid and corrosion.
 i - a +2 whip of freezing {mace}
   (You took it off Pikel on level 4 of the Dungeon)
 k - a +0 falchion {long}
   (You found it on level 1 of the Dungeon)
 r - the +12 rapier of Sunlight (weapon) {drain, Str+3, short}
   (You took it off an orc on level 4 of the Dungeon)

   A truly terrible weapon, it drains the life of any living foe it strikes.
   Str:       It affects your strength (+3).
 w - a +0 dagger of freezing {short}
   (You found it on level 3 of the Dungeon)
 B - a +2 war axe of freezing {axe}
   (You found it on level 6 of the Dungeon)
 F - a +3 flail of holy wrath {mace}
   (You took it off Edmund on level 4 of the Dungeon)
 O - a +0 trident {polearm}
   (You took it off a gnoll sergeant on level 6 of the Dungeon)
Missiles
 a - 2 throwing nets {=f!fthrowing}
 h - 6 curare-tipped darts {=fthrowing}
 j - 16 poisoned darts (quivered) {throwing}
 p - 145 stones {throwing}
 y - 2 boomerangs {throwing}
Armour
 g - a +1 pair of boots (worn)
   (You found it on level 1 of the Dungeon)
 s - a +4 plate armour of poison resistance (worn)
   (You found it on level 4 of the Dungeon)
 x - a +0 pair of gloves (worn)
   (You found it on level 3 of the Dungeon)
 C - a +0 ring mail of fire resistance
   (You found it on level 6 of the Dungeon)
 G - a +0 plate armour
   (You took it off an orc warrior on level 4 of the Dungeon)
 I - a +2 robe of cold resistance
   (You took it off Pikel on level 4 of the Dungeon)
 R - a +1 cloak (worn)
   (You found it on level 6 of the Dungeon)
 S - +0 steam dragon scales
   (You found it on level 7 of the Dungeon)
Magical Staves
 b - a staff of poison {!astaff}
   (You found it on level 4 of the Dungeon)
 c - a staff of conjuration {!a@e2staff}
   (You found it on level 4 of the Dungeon)
 H - a staff of death {!astaff}
   (You found it on level 4 of the Dungeon)
Jewellery
 l - a +4 ring of evasion (right hand)
   (You found it on level 4 of the Dungeon)
 v - a ring of protection from fire (left hand)
   (You found it on level 3 of the Dungeon)
 L - a ring of see invisible
   (You found it on level 5 of the Dungeon)
Wands
 m - a wand of paralysis (3)
   (You found it on level 2 of the Dungeon)
 A - a wand of iceblast (6)
   (You found it on level 7 of the Dungeon)
Scrolls
 d - 3 scrolls of fog {unknown}
 q - 3 scrolls of amnesia {unknown}
 t - a scroll of silence {unknown}
 u - a scroll of enchant weapon {unknown}
 D - a scroll of summoning {unknown}
 J - a scroll of blinking {unknown}
 K - 2 scrolls of teleportation {@r4}
Potions
 f - 4 potions of might
 n - a potion of curing {@q1}
 o - a potion of flight
 z - a potion of cancellation
 E - 2 potions of berserk rage {!q}
 M - a potion of brilliance
 N - a potion of resistance
 P - a potion of mutation {unknown}
 Q - a potion of attraction {unknown}
 T - a potion of invisibility {unknown}

Dungeon Overview and Level Annotations

Branches:
Dungeon (8/15)             Temple (1/1) D:6
   Lair: D:8-11

Altars:
Ashenzari
Cheibriados
Dithmenos
Elyvilon
Fedhas
Gozag
Hepliaklqana
Kikubaaqudgha
Makhleb
Nemelex Xobeh
Okawaru
Qazlal
Ru
Sif Muna
Trog
Uskayaw
Vehumet
Wu Jian
Xom
Yredelemnul
Zin
The Shining One

Shops:
D:7 *

Annotations:
D:4 2 runed translucent doors
D:8 Harold

###############
#.............#####
#.##########....#.. #.#.#
#....#@#.# # . ##...#
#.##.#l#.#.#...
..##.######.#..#@#.......
..##.#....#.#............
...#...##.#....<.########
...##................
...##.....###........
.......................
#####...###.#.....##.#.


You could see Harold and a wyvern.


Message History

S - +0 steam dragon scales 😕 HP[+1]
T - a ruby potion You open the door.
There is an open door here.
There is an open door here.
You open the door. You open the door.
There is an open door here.
Done exploring. 😎 HP[+14]
Your hp is fully restored (69).
(D) Dungeon (T) Temple
Where to? (Enter - D:7, ? - help)
There is a stone staircase leading down here.
You climb downwards.
There is a stone staircase leading up here.
You open the door.
There is an open door here.
An orc comes into view. It is wielding a +0 war axe.
Found a stone staircase leading up.
An orc comes into view. It is wielding a +0 club.
The orc shouts!
An orc priest comes into view. It is wielding a +0 trident.
The orc priest shouts!
You sock the orc!
You kill the orc!
Vehumet accepts your kill. The orc hits you but does no damage.
You hit the orc.
You kill the orc!
Vehumet accepts your kill. The orc priest barely misses you.
You puncture the orc priest!
The orc priest miscasts a cantrip.
The orc priest begins to cast a cantrip, but forgets the words!
You sock the orc priest!
You kill the orc priest!
Vehumet accepts your kill.
Things that are here:
a +0 trident {polearm}; a +0 ring mail; a +0 war axe {axe}
Things that are here:
a +0 club {mace}; a +0 leather armour; an orc corpse
Found a stone staircase leading down.
A bullfrog comes into view.
The bullfrog gives a loud, deep croak!
You hit the bullfrog.
The bullfrog hits you but does no damage.
The bullfrog barely misses you.
You miss the bullfrog.
The bullfrog hits you but does no damage.
The bullfrog closely misses you.
You hit the bullfrog.
The bullfrog hits you but does no damage.
The bullfrog barely misses you.
You bludgeon the bullfrog!!
You kill the bullfrog!
Vehumet accepts your kill.
Harold the Weathered comes into view.
He is wielding a +0 battleaxe.
Harold shouts!
You barely miss Harold. Harold hits you with a +0 battleaxe!!
Harold completely misses you. 😮 HP[-18]
You take 18 damage, and now have 51/69 hp.
MASSIVE DAMAGE!! (PAUSE)
You hit Harold. Harold casts a spell at you.
A sentinel's mark forms upon you. 😕 HP[+1]
You barely miss Harold. Harold hits you but does no damage.
You puncture Harold! You punch Harold, but do no damage.
Harold hits you with a +0 battleaxe!!
* * * LOW HITPOINT WARNING * * *
A wyvern comes into view. 😨 HP[-18]
You take 18 damage, and now have 34/69 hp.
MASSIVE DAMAGE!! (PAUSE)
You impale Harold!! Harold barely misses you.
Harold hits you with a +0 battleaxe!
* * * LOW HITPOINT WARNING * * *
😨 HP[-12]
You take 12 damage, and now have 22/69 hp.
You feel stronger.
You sense an unholy aura.
r - the +12 rapier of Sunlight (weapon)
{drain, Str+3, short} You hit Harold but do no damage.
Harold yells, "I don't have all day!"
Harold hits you but does no damage.
You puncture Harold! Harold hits you but does no damage.
You hit Harold. Harold hits you with a +0 battleaxe!!
* * * LOW HITPOINT WARNING * * *
The wyvern barely misses you. 😱 HP[-20]
You take 20 damage, and now have 2/69 hp.
MASSIVE DAMAGE!! (PAUSE) 😱 HP[+1]
The wyvern closely misses you.
The wyvern bites you but does no damage.
The wyvern bites you.
You die...

Skill      XL: |  1  2  3  4  5  6  7  8  9 10 |
---------------+-------------------------------+-----
Conjurations   | 5 6 |  6.8
Armour         | 1 2 3 4 5 |  5.0
Long Blades    | 1 |  1.2
Spellcasting   | 3 4 5 |  5.2
Translocations | 1 2 3 5 |  5.4
Fighting       | 1 2 |  2.8
Stealth        | 3 |  3.7
Axes           | 1 |  1.2
Dodging        | 3 |  3.7
Short Blades   | 3 |  3.8
Evocations     | 2 |  2.6
Maces & Flails | 4 |  4.9
Throwing       | |  0.1

Action                   |  1- 3 |  4- 6 |  7- 9 | 10-12 || total
-------------------------+-------+-------+-------+-------++-------
Melee: Falchion          |       |     8 |       |       ||     8
       Dagger            |       |     9 |       |       ||     9
       War axe           |       |       |     7 |       ||     7
       Rapier            |       |       |    31 |     3 ||    34
       Punch             |       |       |     2 |     4 ||     6
       Eveningstar       |       |       |    18 |    88 ||   106
Throw: Dart              |       |       |     5 |       ||     5
 Cast: Magic Dart        |    28 |    40 |    38 |       ||   106
       Searing Ray       |     8 |    25 |    45 |       ||    78
  Use: Scroll            |       |     7 |     4 |     2 ||    13
       Potion            |       |       |     1 |       ||     1
Armor: Leather armour    |     2 |    11 |    22 |       ||    35
       Plate armour      |       |       |    32 |    66 ||    98
       Robe              |       |       |     1 |       ||     1
Dodge: Dodged            |     6 |    28 |    84 |    25 ||   143

Levels and vault maps discovered:
D:1:      wander_arrival_estate, layout_rooms
D:2:      layout_rooms, nrook_loot_triangle, kennysheep_generic_room_16
D:3:      layout_basic, shapermc_ecumenical_altar_mp_urbaneastern,
          nrook_campfire
D:4:      minmay_opposing_rooms, layout_cave_pods, minmay_liquid_box,
          hangedman_decor_diamond_cutter, minmay_hollow_rounded_squares,
          uniq_pikel, uniq_duvessa, uniq_natasha, uniq_edmund
D:5:      layout_basic, chequers_big_river, uniq_menkaure
D:6:      layout_basic, nicolae_sif_muna_condensation, temple_doors_e,
          ebering_ghost_sewer_d
D:7:      layout_loops_corners, nicolae_take_the_stairs
D:8:      minmay_skewed_foursquare, layout_basic, serial_shops, shop,
          chequers_guarded_unrand_ignorance, uniq_harold
Temple:   mainiacjoe_temple_trianglar_array

Notes
Turn   | Place    | Note
-------+----------+-------------------------------------------
     0 | D:1      | mortz the Human Conjurer began the quest for the Orb.
     0 | D:1      | Reached XP level 1. HP: 13/13 MP: 3/3
     0 | D:1      | magus.rc [v1.9.6]
   288 | D:1      | Reached XP level 2. HP: 19/19 MP: 0/5
   291 | D:1      | Learned a level 2 spell: Searing Ray
   710 | D:2      | Reached XP level 3. HP: 24/24 MP: 1/6
  1412 | D:2      | Reached XP level 4. HP: 24/30 MP: 4/7
  1570 | D:2      | magus.rc [v1.9.6]
  1573 | D:3      | Reached skill level 5 in Conjurations
  2046 | D:3      | Found a faded altar of an unknown god.
  2076 | D:3      | Reached XP level 5. HP: 35/35 MP: 6/8
  2941 | D:3      | Reached skill level 1 in Armour
  3055 | D:4      | You pick up a book of Transfigurations {@e2} and begin
                  | reading...
  3055 | D:4      | You add the spells Irradiate, Blade Hands and Dragon Form
                  | to your library.
  3061 | D:4      | Learned a level 4 spell: Iskenderun's Mystic Blast
  3122 | D:4      | Noticed Edmund
  3158 | D:4      | Noticed a necrophage
  3207 | D:3      | Reached skill level 1 in Long Blades
  3297 | D:3      | Reached XP level 6. HP: 25/42 MP: 4/10
  3473 | D:4      | Noticed Pikel
  3786 | D:4      | Noticed Natasha
  3793 | D:4      | Killed Natasha
  3794 | D:4      | Reached skill level 3 in Spellcasting
  3794 | D:4      | Reached skill level 1 in Translocations
  3885 | D:4      | You fall into a shaft and drop 3 floors!
  3885 | D:7      | Noticed a sky beast
  3893 | D:7      | Killed a sky beast
  3894 | D:7      | Reached skill level 2 in Armour
  3956 | D:7      | Found Founoteel's Assorted Antiques.
  4014 | D:7      | Noticed a steam dragon
  4056 | D:7      | Reached XP level 7. HP: 47/47 MP: 7/11
  4238 | D:6      | Found a staircase to the Ecumenical Temple.
  4246 | Temple   | Entered the Ecumenical Temple
  4514 | Temple   | Became a worshipper of Vehumet
  4773 | D:6      | Reached skill level 1 in Fighting
  4773 | D:6      | Reached skill level 2 in Translocations
  4972 | D:6      | Reached skill level 3 in Stealth
  5046 | D:6      | Reached skill level 3 in Armour
  5175 | D:6      | Reached skill level 6 in Conjurations
  5175 | D:6      | Reached XP level 8. HP: 45/54 MP: 0/13
  5313 | D:6      | HP: 12/54 [gnoll sergeant/+0 trident (3)]
  5314 | D:6      | HP: 2/54 [gnoll sergeant/+0 trident (10)]
  5658 | D:6      | Found a runed translucent door.
  5662 | D:6      | Noticed issech's ghost (amateur TrMo)
  5701 | D:5      | Entered Level 5 of the Dungeon
  5742 | D:4      | Reached skill level 3 in Translocations
  5749 | D:4      | Found a large runed translucent door.
  5749 | D:4      | Found a large runed translucent door.
  5749 | D:4      | Found a large runed translucent door.
  5749 | D:4      | Found a large runed translucent door.
  5753 | D:4      | Identified the +10 eveningstar of Causality {vorpal, rF+
                  | rCorr Dex+2 SInv}
  5921 | D:4      | Identified the +12 rapier of Sunlight {drain, Str+3}
  5963 | D:4      | Reached skill level 4 in Spellcasting
  6023 | D:4      | Noticed Natasha
  6027 | D:4      | Killed Natasha
  6052 | D:4      | Reached skill level 4 in Armour
  6324 | D:4      | Killed Edmund
  6325 | D:4      | Reached skill level 1 in Axes
  6325 | D:4      | Reached skill level 3 in Dodging
  6573 | D:4      | Reached * piety under Vehumet
  6573 | D:4      | Offered knowledge of Foxfire by Vehumet.
  6623 | D:4      | Learned a level 1 spell: Foxfire
  6656 | D:4      | Noticed Natasha
  6663 | D:4      | Killed Natasha
  6703 | D:4      | Noticed Duvessa
  6732 | D:4      | Noticed Dowan
  6738 | D:4      | Killed Duvessa
  6739 | D:4      | Reached skill level 2 in Fighting
  6743 | D:4      | Killed Dowan
  6744 | D:4      | Reached XP level 9. HP: 43/61 MP: 5/15
  6935 | D:4      | Reached skill level 1 in Short Blades
  6935 | D:4      | Reached skill level 4 in Translocations
  7240 | D:4      | Reached skill level 2 in Short Blades
  7495 | D:4      | Killed Pikel
  7496 | D:4      | Reached skill level 5 in Spellcasting
  7496 | D:4      | Reached skill level 1 in Evocations
  7714 | D:4      | HP: 15/62 [centaur/arrow (6)]
  7715 | D:4      | Reached skill level 3 in Short Blades
  7715 | D:4      | HP: 6/62 [centaur/arrow (9)]
  7867 | D:4      | o - the +10 eveningstar of Causality {vorpal, rF+ rCorr
                  | Dex+2 SInv, macerare=g}
  7961 | D:5      | Noticed Menkaure
  7968 | D:5      | Killed Menkaure
  7969 | D:5      | Reached skill level 2 in Evocations
  8000 | D:5      | o - the +10 eveningstar of Causality (weapon) {vorpal, rF+
                  | rCorr Dex+2 SInv, macerare=g}
  8199 | D:5      | Reached skill level 5 in Translocations
  8199 | D:5      | Reached XP level 10. HP: 45/68 MP: 17/17
  8210 | D:5      | Reached skill level 1 in Maces & Flails
  9032 | D:6      | Reached skill level 2 in Maces & Flails
  9078 | D:6      | Found a shimmering blue altar of Sif Muna.
  9238 | D:6      | Reached skill level 3 in Maces & Flails
  9402 | D:6      | Reached ** piety under Vehumet
  9402 | D:6      | Offered knowledge of Poisonous Vapours by Vehumet.
  9469 | D:6      | o - the +10 eveningstar of Causality (weapon) {vorpal, rF+
                  | rCorr Dex+2 SInv, macerare=g}
  9470 | D:6      | o - the +10 eveningstar of Causality (weapon) {vorpal, rF+
                  | rCorr Dex+2 SInv, macerare=g}
  9470 | D:6      | e - the +10 eveningstar of Causality (weapon) {vorpal, rF+
                  | rCorr Dex+2 SInv, macerare=g}
  9753 | D:6      | Killed issech's ghost
  9754 | D:6      | Reached skill level 4 in Maces & Flails
 10296 | D:7      | Reached skill level 5 in Armour
 10549 | D:8      | Noticed Harold
 10562 | D:8      | HP: 2/69 [Harold/+0 battleaxe (20)]
 10566 | D:8      | Slain by a wyvern

Vanquished Creatures
  Pikel (D:4)
  The ghost of issech the Cudgeller, an amateur TrMo (D:6)
  Menkaure (D:5)
  A steam dragon (D:7)
  Edmund (D:4)
  A water moccasin (D:4)
  Duvessa (D:4)
  A black bear (D:5)
  An orc warrior (D:4)
  5 sky beasts
  2 ogres (D:6)
  3 ice beasts
  2 necrophages (D:4)
  3 centaurs
  3 lemures
  A gnoll sergeant (D:6)
  2 bullfrogs
  A scorpion (D:4)
  Dowan (D:4)
  A bullfrog zombie (D:3)
  A bullfrog skeleton (D:4)
  A centaur skeleton (D:5)
  2 gnoll shamans
  3 jellies
  2 orc priests
  3 iguanas
  Natasha (thrice) (D:4)
  A hound skeleton (D:5)
  A howler monkey zombie (D:5)
  12 gnolls
  10 adders
  2 ufetubi
  An adder skeleton (D:5)
  2 worms
  2 dart slugs
  22 orcs
  11 ball pythons
  3 bats
  7 endoplasms
  5 giant cockroaches
  4 goblins
  7 hobgoblins
  2 jackals (D:3)
  4 quokkas
  A frilled lizard (D:3)
  8 kobolds
  A quokka skeleton (D:4)
  4 rats
158 creatures vanquished.

Vanquished Creatures (others)
  2 fungi (D:3)
  6 plants (D:3)
8 creatures vanquished.

Grand Total: 166 creatures vanquished

Table legend:
 A = Non-vault XP
 B = Vault XP
 C = Vault XP percentage of total XP
 D = Non-vault monster count
 E = Vault monster count
 F = Vault count percentage of total count
                 A         B        C        D         E       F
            +---------+---------+-------+---------+---------+-------
      Total |    3127 |    2344 |  42.8 |     125 |      30 |  19.4
            +---------+---------+-------+---------+---------+-------
        D:1 |      12 |       0 |   0.0 |       7 |       0 |   0.0
        D:2 |      56 |       2 |   3.4 |      18 |       1 |   5.3
        D:3 |     209 |       0 |   0.0 |      29 |       0 |   0.0
        D:4 |     529 |    1843 |  77.7 |      21 |      25 |  54.3
        D:5 |     560 |     183 |  24.6 |      16 |       1 |   5.9
        D:6 |    1128 |     316 |  21.9 |      23 |       3 |  11.5
        D:7 |     493 |       0 |   0.0 |       7 |       0 |   0.0
        D:8 |     140 |       0 |   0.0 |       4 |       0 |   0.0
            +---------+---------+-------+---------+---------+-------

Illustrated notes

Table legend:
 A = Kills in this place as a percentage of kills in entire the game.
 B = Kills by you in this place as a percentage of kills by you in the entire game.
 C = Kills by friends in this place as a percentage of kills by friends in the entire game.
 D = Other kills in this place as a percentage of other kills in the entire game.
 E = Experience gained in this place as a percentage of experience gained in the entire game.
 F = Experience gained in this place divided by the number of levels of this place that you have seen.
                   A       B       C       D       E      F
               +-------+-------+-------+-------+-------+----------------------
         Total | 100.0 | 100.0 |   N/A |   N/A | 100.0 | 607.9
       Dungeon | 100.0 | 100.0 |   N/A |   N/A | 100.0 | 683.9
               +-------+-------+-------+-------+-------+----------------------

Table legend: (Time is in decaauts)
 A = Elapsed time spent in this place.
 B = Non-inter-level travel time spent in this place.
 C = Inter-level travel time spent in this place.
 D = Time resting spent in this place.
 E = Time spent auto-exploring this place.
 F = Levels seen in this place.
 G = Mean time per level.
                   A        B        C        D        E       F      G
               +--------+--------+--------+--------+--------+-----+--------+
         Total |  10628 |  10280 |    348 |   2778 |   5684 |   9 | 1180.9 |
       Dungeon |  10242 |   9920 |    322 |   2778 |   5332 |   8 | 1280.2 |
        Temple |    386 |    360 |     26 |      0 |    352 |   1 |  386.0 |
               +--------+--------+--------+--------+--------+-----+--------+

Top non-repeatable levels by time:
     D:4: 2581 daAuts
     D:3: 1890 daAuts
     D:6: 1730 daAuts
     D:7: 1255 daAuts
     D:2: 1088 daAuts
     D:5: 1050 daAuts
     D:1: 541 daAuts
  Temple: 386 daAuts
     D:8: 104 daAuts
